 Dungeon Crawl Stone Soup version 0.18.1-48-g4cf74bf (webtiles) character file.

22544 PositiveJam the Severer (level 12, 0/115 HPs)
             Began as a Minotaur Berserker on Sept 2, 2016.
             Was a High Priest of Trog.
             Slain by a polar bear (9 damage)
             ... in an ice cave.
             The game lasted 00:46:15 (8762 turns).

PositiveJam the Severer (Minotaur Berserker)        Turns: 8762, Time: 00:46:15

Health: 0/115      AC: 21    Str: 27    XL:     12   Next: 63%
Magic:  2/2        EV: 12    Int:  4    God:    Trog [*****.]
Gold:   686        SH:  0    Dex: 16    Spells: 0 memorised, 11 levels left

rFire  + + +     SeeInvis .     s - +4 executioner's axe (chop)
rCold  + . .     Gourm    .     B - +0 plate armour
rNeg   . . .     Faith    .     (shield currently unavailable)
rPois  .         Spirit   .     (helmet restricted)
rElec  +         Dismiss  .     z - +0 cloak
rCorr  .         Reflect  .     (no gloves)
SustAt .         Harm     .     E - +0 pair of boots
MR     .....                    Y - amulet "Seanauc" {rElec rF+++ rC+ Regen+ MP-9}
Stlth  ..........               u - +2 ring of protection
                                C - +6 ring of dexterity

@: exhausted, about to teleport, slowed, very slow, not resistant to hostile
enchantments, extremely unstealthy
A: retaliatory headbutt, horns 2
a: Berserk, Trog's Hand, Brothers in Arms, Burn Spellbooks, Renounce Religion


You were in an ice cave.
You worshipped Trog.
Trog was extremely pleased with you.
You were not hungry.

You visited 2 branches of the dungeon, and saw 12 of its levels.
You also visited: Ice Cave.

You collected 686 gold pieces.

Inventory:

Hand Weapons
 b - a +2 battleaxe of freezing
 s - a +4 executioner's axe of chopping (weapon)
 S - a +1 battleaxe of freezing
Armour
 z - a +0 cloak (worn)
 B - a +0 plate armour (worn)
 E - a +0 pair of boots (worn)
Jewellery
 j - an uncursed ring of resist corrosion
 u - a +2 ring of protection (right hand)
 C - a +6 ring of dexterity (left hand)
 D - an uncursed ring of magical power
 G - an uncursed ring of see invisible
 M - an uncursed ring of flight
 U - an uncursed ring of protection from magic {unknown}
 Y - the amulet "Seanauc" (around neck) {rElec rF+++ rC+ Regen+ MP-9}
   (You found it on level 9 of the Dungeon)

   [amulet of regeneration]

   It renders you almost immune to fire.
   It protects you from cold.
   It insulates you from electricity.
   It affects your magic capacity (-9).
   It increases your rate of regeneration.
Wands
 a - a wand of acid (7/15)
 y - a wand of disintegration (16/24)
 T - a wand of lightning (8/15)
Scrolls
 h - 4 scrolls of teleportation
 l - 6 scrolls of identify
 m - 5 scrolls of remove curse
 n - a scroll of immolation {unknown}
 o - 3 scrolls of magic mapping
 q - a scroll of torment {unknown}
 r - a scroll of fear {unknown}
 t - 2 scrolls of fog
 v - a scroll of blinking {unknown}
 x - 3 scrolls of enchant weapon {unknown}
 A - 2 scrolls of recharging {unknown}
 I - a scroll of amnesia {unknown}
 K - a scroll of noise {unknown}
 L - 2 scrolls of enchant armour {unknown}
 W - a scroll of vulnerability {unknown}
Potions
 d - 9 potions of curing
 e - 3 potions of lignification {unknown}
 f - a potion of cure mutation {unknown}
 g - 2 potions of agility {unknown}
 i - 2 potions of brilliance {unknown}
 F - a potion of resistance {unknown}
 N - 2 potions of flight {unknown}
 R - a potion of cancellation {unknown}
 V - a potion of magic {unknown}
Miscellaneous
 X - a plain deck of summoning
Comestibles
 c - 7 bread rations
 k - 7 meat rations
 p - 13 fruits
 w - 3 beef jerkies
 H - 5 royal jellies
 J - a slice of pizza


   Skills:
 + Level 13.3 Fighting
 + Level 15.5 Axes
 + Level 13.1 Armour
 + Level 6.6 Dodging
 - Level 0.1 Stealth


You had 11 spell levels left.
You didn't know any spells.

Dungeon Overview and Level Annotations

Branches:
Dungeon (10/15)            Temple (0/1) D:4            Lair (2/8) D:9
    Orc: D:9-12

Altars:
Dithmenos
Fedhas
Qazlal
Zin
The Shining One


Innate Abilities, Weirdness & Mutations

You reflexively headbutt those who attack you in melee.
You have a pair of horns on your head.


Message History

The polar bear claws you but does no damage. x2
The polar bear bites you!
* * * LOW HITPOINT WARNING * * *
The polar bear claws you but does no damage.
The polar bear closely misses you. The polar bear bites you.
* * * LOW HITPOINT WARNING * * *
The polar bear closely misses you. x2; The polar bear bites you!
* * * LOW HITPOINT WARNING * * *
The polar bear barely misses you. x2
You feel better. The polar bear barely misses you. You furiously retaliate!
You headbutt the polar bear, but do no damage.
The polar bear closely misses you. x3
The polar bear claws you but does no damage.
The polar bear barely misses you.
As you read the scroll of teleportation, it crumbles to dust.
You feel strangely unstable. The polar bear barely misses you.
You furiously retaliate!
You headbutt the polar bear!
The polar bear claws you but does no damage. x2
The polar bear bites you!
You die...

.# ####.## ≈#
.# ##.#...#
##≈# .#
###....#≈# #≈≈#
.#
#.#.#.##≈###≈≈#
.#
##...#####≈#≈≈#
## ##...####
#≈≈≈##
#####..###
#≈≈##≈≈#
.##...##
##≈≈#≈≈##
..#..##
##≈≈≈≈≈@≈#
#...##
#≈≈≈≈≈≈#h#
##.##
≈≈≈≈#≈#≈†# ####
≈#≈≈≈##.##
≈≈≈≈≈#..# ##
≈#≈≈##.## .#
≈≈≈≈ #.###.#
#≈≈ ##.#.##
#....#


You could see a polar bear (berserk).

Vanquished Creatures
  A frost giant (IceCv)
  Erolcha (D:8)
  2 death yaks (IceCv)
  A tengu warrior (D:8)
  Nergalle (Lair:1)
  An unseen horror (D:8)
  A hill giant (D:9)
  A griffon (D:8)
  An ugly thing (D:8)
  A cyclops (D:8)
  Maurice (D:8)
  2 spiny frogs
  Psyche (D:8)
  An efreet (D:8)
  A queen bee (Lair:1)
  13 polar bears (IceCv)
  Eustachio (D:5)
  A spriggan (D:9)
  25 yaks
  Sigmund (D:6)
  Grum (D:8)
  A basilisk (D:8)
  A hippogriff (Lair:1)
  A steam dragon (D:9)
  Menkaure (D:7)
  Edmund (D:5)
  A water moccasin (Lair:1)
  2 ice beasts
  A black bear (D:6)
  An eye of draining (D:9)
  5 ogres
  Purgy (D:3)
  2 sky beasts
  A wasp (D:9)
  4 phantoms
  A necrophage (D:5)
  5 centaurs
  16 wolves
  2 crocodiles
  2 big kobolds
  5 giant frogs
  A gnoll sergeant (D:8)
  3 scorpions
  17 killer bees
  7 wights (D:7)
  An electric eel (D:6)
  3 jellies
  7 crimson imps
  2 quasits
  2 giant frog zombies (D:5)
  3 hounds
  2 giant frog skeletons (D:9)
  2 orc priests (D:6)
  12 orc wizards
  2 centaur skeletons
  A gnoll shaman (D:5)
  An iguana (D:8)
  8 worker ants
  3 hound zombies
  2 hound skeletons
  2 worker ant zombies
  12 gnolls
  A howler monkey skeleton (D:4)
  9 adders
  9 river rats (Lair:1)
  2 shadow imps
  An ooze (D:6)
  2 adder skeletons
  A worm (D:6)
  A dart slug (D:3)
  3 giant geckos
  22 orcs
  3 bats
  5 giant cockroaches
  7 hobgoblins
  2 jackals (D:1)
  14 kobolds
  4 quokkas
  3 ball pythons
  A giant gecko skeleton (D:7)
  A giant gecko zombie (D:6)
  6 giant newts
  3 goblins
  8 rats
314 creatures vanquished.

Vanquished Creatures (others)
  A polar bear (IceCv)
1 creature vanquished.

Grand Total: 315 creatures vanquished

Notes
Turn   | Place    | Note
--------------------------------------------------------------
     0 | D:1      | PositiveJam the Minotaur Berserker began the quest for the Orb.
     0 | D:1      | Reached XP level 1. HP: 19/19 MP: 0/0
    85 | D:1      | Reached XP level 2. HP: 17/27 MP: 1/1
   279 | D:1      | Reached skill level 4 in Axes
   946 | D:2      | Reached XP level 3. HP: 23/33 MP: 2/2
  1415 | D:3      | Reached ** piety under Trog
  1494 | D:3      | Noticed Purgy
  1504 | D:3      | Killed Purgy
  1504 | D:3      | Reached XP level 4. HP: 17/41 MP: 3/3
  1514 | D:3      | Reached XP level 5. HP: 18/47 MP: 4/4
  1729 | D:3      | Found a glowing silver altar of Zin.
  1766 | D:3      | Reached skill level 5 in Axes
  2265 | D:4      | Found a staircase to the Ecumenical Temple.
  2336 | D:4      | Reached skill level 5 in Fighting
  2356 | D:4      | Got a pitted ring mail
  2368 | D:4      | Identified the cursed +0 ring mail of Submission {MR++ Int-3} (You took it off an orc on level 4 of the Dungeon)
  2499 | D:4      | Reached XP level 6. HP: 54/56 MP: 5/5
  2873 | D:4      | Found a shadowy altar of Dithmenos.
  2912 | D:5      | Entered Level 5 of the Dungeon
  3007 | D:5      | Reached *** piety under Trog
  3007 | D:5      | Reached skill level 6 in Axes
  3007 | D:5      | Reached XP level 7. HP: 30/61 MP: 6/6
  3080 | D:5      | Found a blossoming altar of Fedhas.
  3139 | D:5      | Reached skill level 5 in Armour
  3139 | D:5      | Reached skill level 5 in Dodging
  3202 | D:5      | Noticed Eustachio
  3205 | D:5      | Noticed Edmund
  3213 | D:5      | Killed Eustachio
  3213 | D:5      | Reached skill level 7 in Axes
  3225 | D:5      | Killed Edmund
  3227 | D:5      | Reached XP level 8. HP: 22/70 MP: 7/7
  3389 | D:5      | Found a stormy altar of Qazlal.
  3620 | D:6      | Reached skill level 8 in Axes
  3772 | D:6      | Noticed Sigmund
  3796 | D:6      | Killed Sigmund
  4167 | D:6      | Reached skill level 9 in Axes
  4167 | D:6      | Reached XP level 9. HP: 77/78 MP: 8/8
  4620 | D:7      | Reached **** piety under Trog
  4656 | D:7      | Noticed Menkaure
  4662 | D:7      | Killed Menkaure
  5239 | D:8      | Reached skill level 10 in Axes
  5331 | D:8      | Killed an unseen horror
  5340 | D:8      | Noticed a tengu warrior
  5345 | D:8      | Killed a tengu warrior
  5345 | D:8      | Reached skill level 11 in Axes
  5345 | D:8      | Reached skill level 10 in Armour
  5345 | D:8      | Reached XP level 10. HP: 53/91 MP: 9/9
  5356 | D:8      | Noticed a griffon
  5366 | D:8      | Killed a griffon
  5441 | D:8      | Noticed a cyclops
  5710 | D:8      | Noticed Maurice
  5717 | D:8      | Killed Maurice
  5762 | D:8      | Reached skill level 10 in Fighting
  5846 | D:8      | Noticed Psyche
  5852 | D:8      | Killed Psyche
  5998 | D:8      | Noticed Grum
  6013 | D:8      | Noticed Erolcha
  6016 | D:8      | Reached ***** piety under Trog
  6018 | D:8      | Killed Grum
  6018 | D:8      | Reached skill level 12 in Axes
  6021 | D:8      | Killed Erolcha
  6383 | D:8      | Noticed a purple ugly thing
  6390 | D:8      | Killed a purple ugly thing
  6390 | D:8      | Reached XP level 11. HP: 92/101 MP: 10/10
  6612 | D:9      | Found a blossoming altar of Fedhas.
  6695 | D:10     | Entered Level 10 of the Dungeon
  6776 | D:9      | Noticed a hill giant
  6783 | D:9      | Killed a hill giant
  6791 | D:9      | Reached skill level 13 in Axes
  6824 | D:9      | Got a transparent emerald amulet
  6837 | D:9      | Identified the amulet "Seanauc" {rElec rF+++ rC+ Regen+ MP-9} (You found it on level 9 of the Dungeon)
  6878 | D:9      | Found a staircase to the Lair.
  7396 | Lair:1   | Entered Level 1 of the Lair of Beasts
  7483 | Lair:1   | Received a gift from Trog
  7678 | Lair:1   | Noticed Nergalle
  7702 | Lair:1   | Killed Nergalle
  7838 | Lair:1   | Received a gift from Trog
  8281 | Lair:2   | Reached skill level 14 in Axes
  8326 | Lair:2   | Found a glowing golden altar of the Shining One.
  8337 | Lair:2   | Found a frozen archway.
  8349 | IceCv    | Entered an ice cave
  8430 | IceCv    | Reached XP level 12. HP: 75/113 MP: 2/11
  8492 | IceCv    | Noticed a death yak
  8498 | IceCv    | Killed a death yak
  8610 | IceCv    | Reached skill level 15 in Axes
  8691 | IceCv    | Noticed a death yak
  8691 | IceCv    | Noticed a death yak
  8691 | IceCv    | Noticed a frost giant
  8725 | IceCv    | Killed a death yak
  8727 | IceCv    | Killed a frost giant
  8760 | IceCv    | HP: 1/115 [polar bear (12)]
  8762 | IceCv    | Slain by a polar bear

Skill      XL: |  1  2  3  4  5  6  7  8  9 10 11 12 |
---------------+-------------------------------------+-----
Fighting       | 4 5 6 7 9 10 12 13 | 13.3
Axes           | 4 5 6 7 9 11 12 14 15 | 15.5
Armour         | 3 4 5 7 10 11 12 13 | 13.1
Dodging        | 3 4 5 6 |  6.6
Stealth        | |  0.1

Action                   |  1- 3 |  4- 6 |  7- 9 | 10-12 || total
-------------------------+-------+-------+-------+-------++-------
Melee: Hand axe          |    71 |   146 |   125 |       ||   342
       Headbutt          |    13 |    32 |    65 |    89 ||   199
       War axe           |       |       |    67 |       ||    67
       Battleaxe         |       |       |    58 |   248 ||   306
       Executioner's axe |       |       |       |   115 ||   115
Invok: Trog's Hand       |       |     1 |       |       ||     1
       Berserk           |       |       |     2 |     5 ||     7
       Burn Spellbooks   |       |       |     2 |     1 ||     3
  Use: Scroll            |       |     5 |     3 |     2 ||    10
       Potion            |       |       |     1 |     1 ||     2
  Eat: Chunk             |     2 |     5 |    10 |    14 ||    31
       Fruit             |       |       |       |     1 ||     1
       Bread ration      |       |       |       |     1 ||     1
Armor: Animal skin       |    11 |       |       |       ||    11
       Ring mail         |     9 |    27 |       |       ||    36
       Plate armour      |       |    58 |   165 |   326 ||   549
Dodge: Dodged            |    63 |    71 |   132 |   310 ||   576
